 Dungeon Crawl Stone Soup version 0.27-a0-1513-g2aaa0cc67b (webtiles) character file.

Game seed: 14799382011977970039

5700 robertstho the Thaumaturge (level 11, -28/76 HPs)
             Began as a Djinni Fire Elementalist on July 9, 2021.
             Was an Initiate of Gozag.
             Annihilated by a boulder beetle (48 damage)
             ... on level 8 of the Dungeon.
             The game lasted 00:15:51 (12054 turns).

robertstho the Thaumaturge (DjFE)                  Turns: 12054, Time: 00:15:51

Health: -28/76     AC:  5    Str: 13    XL:     11   Next: 5%
Gold:   289        EV: 14    Int: 26    God:    Gozag SH:  0 Dex: 14

rFire    + + .     SeeInvis .   e - +0 war axe (flame)
rCold    . . .     Faith    .   (no shield)
rNeg     . . .     Spirit   .   a - +0 robe
rPois    ∞         Reflect  .   m - +0 helmet "Cerchui" {Str+6}
rElec    .         Harm     .   (no cloak)
rCorr    .         Rampage  .   h - +1 pair of gloves
Will     +....                  (boots unavailable)
Stlth    +++.......             (no amulet)
HPRegen  0.22/turn              r - +6 ring of intelligence
MPRegen  0.00/turn              t - ring of protection from cold

@: mighty, gold aura, flying
A: sickness immunity, fire resistance 2, cold vulnerability 1, float, innate
caster, hp casting, extra vitality 1
a: Renounce Religion, Potion Petition, Call Merchant, Bribe Branch


You were on level 8 of the Dungeon.
You worshipped Gozag.
Gozag was aware of your devotion.
You visited 2 branches of the dungeon, and saw 9 of its levels.

You collected 1057 gold pieces.
You spent 266 gold pieces at shops.
You paid 502 gold pieces to Gozag.

Inventory:

Hand Weapons
 e - a +0 war axe of flaming (weapon)
Missiles
 f - 2 throwing nets
Armour
 a - a +0 robe (worn)
 h - a +1 pair of gloves (worn)
 m - the +0 helmet "Cerchui" (worn) {Str+6}
   (You bought it in a shop on level 7 of the Dungeon)

   Str:       It affects your strength (+6).
Jewellery
 r - a +6 ring of intelligence (left hand)
 t - a ring of protection from cold (right hand)
 A - a ring of ice
 E - a ring of willpower
Wands
 p - a wand of acid (3)
 F - a wand of iceblast (10)
Scrolls
 d - 4 scrolls of noise {unknown}
 g - a scroll of identify
 k - a scroll of silence
 q - a scroll of holy word
 s - a scroll of fear
 u - a scroll of blinking {unknown}
 w - 3 scrolls of enchant armour
 x - a scroll of brand weapon
 y - a scroll of enchant weapon
 z - a scroll of magic mapping
Potions
 b - a potion of berserk rage {unknown}
 c - 4 potions of heal wounds
 i - 3 potions of flight {unknown}
 j - 3 potions of ambrosia
 l - a potion of might
 n - a potion of mutation {unknown}
 o - 3 potions of curing {unknown}
 v - 2 potions of attraction {unknown}
 B - a potion of degeneration {unknown}
 C - 2 potions of lignification {unknown}
 D - a potion of haste {unknown}


   Skills:
 * Level 5.4 Fighting
 + Level 1.8 Long Blades
 + Level 2.4 Axes
 + Level 4.7 Dodging
 + Level 3.9 Stealth
 * Level 10.3 Spellcasting
 + Level 0.2 Evocations


You couldn't memorise any spells.
You knew the following spells:

 Your Spells              Type           Power      Damage    Failure   Level
a - Foxfire               Conj/Fire      100%       2x1d9     1%          1
b - Conjure Flame         Conj/Fire      61%        6-21      1%          3
c - Inner Flame           Hex/Fire       61%        N/A       1%          3
d - Sticky Flame          Conj/Fire      61%        2d8       1%          4
e - Fireball              Conj/Fire      30%        3d13      1%          5
f - Magic Dart            Conj           100%       1d8       1%          1
g - Poisonous Vapours     Pois/Air       100%       N/A       1%          2
h - Ozocubu's Armour      Ice            61%        N/A       1%          3
i - Passage of Golubria   Tloc           N/A        N/A       1%          4
j - Iskenderun's Mystic   Conj/Tloc      61%        2d13      1%          4
Your spell library was empty.

Dungeon Overview and Level Annotations

Branches:
Dungeon (8/15)             Temple (1/1) D:4
   Lair: D:8-11

Altars:
Ashenzari
Elyvilon
Fedhas
Gozag
Hepliaklqana
Kikubaaqudgha
Makhleb
Nemelex Xobeh
Okawaru
Qazlal
Ru
Sif Muna
Trog
Uskayaw
Vehumet
Wu Jian
Yredelemnul
Zin
The Shining One

Shops:
D:7 [


Innate Abilities, Weirdness & Mutations

You are immune to sickness and miasma.
You are immune to poison.
Your flesh is very heat resistant. (rF++)
You are vulnerable to cold. (rC-)
You float through the air rather than walking.
You learn spells naturally, not from books.
Your magical power is your life essence.
You have superior vitality. (+4 HP)


Message History

Aim: a boulder beetle (rolling)
The fireball explodes!
The fireball engulfs the boulder beetle!
The boulder beetle is lightly wounded.
The boulder beetle is distracted by your dazzling golden aura.
A slime creature comes into view.
Casting: Fireball (dangerous; 1% risk of failure)
Confirm with . or Enter, or press ? or * to list all spells.
Aiming: Fireball (dangerous; 1% risk of failure)
Press: ? - help, Shift-Dir - straight line, f/p - boulder beetle
Aim: a boulder beetle (lightly wounded, rolling, unaware, hasn't noticed you)
The fireball explodes!
The fireball engulfs the boulder beetle.
The boulder beetle is moderately wounded.
The boulder beetle is no longer distracted by gold.
Unknown command.
Casting: Fireball (dangerous; 1% risk of failure)
Confirm with . or Enter, or press ? or * to list all spells.
Aiming: Fireball (dangerous; 1% risk of failure)
Press: ? - help, Shift-Dir - straight line, f/p - boulder beetle
Aim: a boulder beetle (moderately wounded, rolling)
The fireball explodes!
The fireball engulfs the boulder beetle!
The boulder beetle is moderately wounded.
The boulder beetle is distracted by your dazzling golden aura.
Unknown command.
Casting: Fireball (dangerous; 1% risk of failure)
Confirm with . or Enter, or press ? or * to list all spells.
Aiming: Fireball (dangerous; 1% risk of failure)
Press: ? - help, Shift-Dir - straight line, f/p - boulder beetle
Aim: a boulder beetle (moderately wounded, rolling, unaware, hasn't noticed you)
The fireball explodes!
The fireball engulfs the boulder beetle!!
The boulder beetle is severely wounded.
The boulder beetle is no longer distracted by gold.
* * * LOW HITPOINT WARNING * * *
The boulder beetle hits you!!!
Ouch! That really hurt!
You die...
Your body crumbles into a pile of gold.

#.######.......# #
#.### #.......#
......# #.......#
$#...# #.......#
....####..........
#$.............### #
#$J.####.###.###
..#.##...# #......#
...$$○B@.# #..#####
######.$.###..######
#.$............
#.'####..###### $
#$.. ...# #..# ###.#
#..# .# #... .# ..#
##


You could see a boulder beetle (rolling) and a slime creature.

Vanquished Creatures
  Harold (D:7)
  A two-headed ogre (D:8)
  A cyclops (D:8)
  2 centaur zombies
  A kobold demonologist (D:7)
  3 steam dragons (D:8)
  An acid dragon (D:8)
  Duvessa (D:7)
  An orc warrior (D:4)
  An ice beast (D:7)
  A black bear (D:5)
  Purgy (D:4)
  A hornet zombie (D:8)
  A necrophage (D:8)
  5 ogres
  A centaur (D:6)
  A phantom (D:6)
  2 bullfrogs
  A scorpion (D:6)
  Dowan (D:7)
  A water moccasin zombie (D:5)
  4 killer bees (D:7)
  A wight (D:8)
  6 howler monkeys
  A bullfrog zombie (D:5)
  A jelly (D:4)
  4 hounds
  2 centaur skeletons
  3 iguanas (D:4)
  3 orc wizards (D:4)
  3 hound skeletons (D:4)
  A hound zombie (D:5)
  24 gnolls
  7 adders
  3 white imps
  An adder skeleton (D:4)
  2 worms
  4 dart slugs
  27 orcs
  7 ball pythons
  6 endoplasms
  2 giant cockroaches
  7 goblins
  14 hobgoblins
  17 jackals
  7 kobolds
  6 quokkas
  7 bats
  3 frilled lizards
  5 rats
207 creatures vanquished.

Vanquished Creatures (collateral kills)
  A foxfire (D:4)
1 creature vanquished.

Vanquished Creatures (others)
  903 foxfires
  8 plants (D:8)
911 creatures vanquished.

Grand Total: 1119 creatures vanquished

Notes
Turn   | Place    | Note
-------+----------+-------------------------------------------
     0 | D:1      | robertstho the Djinni Fire Elementalist began the quest for
                  | the Orb.
     0 | D:1      | Reached XP level 1. HP: 15/15 MP: 0/0
   407 | D:1      | Reached XP level 2. HP: 18/22 MP: 0/0
   495 | D:1      | Reached skill level 3 in Spellcasting
   495 | D:1      | Reached XP level 3. HP: 12/26 MP: 0/0
   495 | D:1      | Learned a level 1 spell: Magic Dart
  2234 | D:2      | Reached XP level 4. HP: 24/31 MP: 0/0
  2937 | D:2      | Reached skill level 1 in Fighting
  3097 | D:2      | Reached XP level 5. HP: 35/37 MP: 0/0
  3097 | D:2      | Learned a level 2 spell: Poisonous Vapours
  4567 | D:3      | Reached skill level 4 in Spellcasting
  5186 | D:4      | Reached XP level 6. HP: 30/43 MP: 0/0
  5985 | D:4      | Found a staircase to the Ecumenical Temple.
  5988 | D:4      | Noticed an ogre
  5994 | D:4      | Reached skill level 1 in Long Blades
  6336 | D:4      | Killed an ogre
  6337 | D:4      | Reached XP level 7. HP: 30/49 MP: 0/0
  6337 | D:4      | Learned a level 3 spell: Ozocubu's Armour
  6564 | Temple   | Entered the Ecumenical Temple
  6605 | Temple   | Became a worshipper of Gozag Ym Sagoz the Greedy
  6663 | D:4      | Noticed Purgy
  6670 | D:4      | Killed Purgy
  6671 | D:4      | Reached skill level 5 in Spellcasting
  6785 | D:4      | Found a bloodstained altar of Trog.
  7013 | D:4      | Reached XP level 8. HP: 48/55 MP: 0/0
  7207 | D:4      | Reached skill level 6 in Spellcasting
  7966 | D:4      | Found an ornate altar of the Wu Jian Council.
  8850 | D:5      | Entered Level 5 of the Dungeon
  8858 | D:5      | Reached skill level 7 in Spellcasting
  8861 | D:5      | Reached XP level 9. HP: 44/61 MP: 0/0
  8861 | D:5      | Learned a level 4 spell: Passage of Golubria
 10068 | D:6      | Reached skill level 8 in Spellcasting
 10242 | D:6      | Reached skill level 1 in Axes
 10648 | D:7      | Noticed a kobold demonologist
 10652 | D:7      | Noticed a smoke demon
 10653 | D:7      | Noticed a sixfirhy
 10653 | D:7      | Killed a kobold demonologist
 10754 | D:7      | Reached XP level 10. HP: 53/69 MP: 0/0
 11250 | D:7      | Found a sparkling altar of Nemelex Xobeh.
 11316 | D:7      | Noticed Duvessa
 11318 | D:7      | Noticed Dowan
 11320 | D:7      | Killed Duvessa
 11321 | D:7      | Killed Dowan
 11322 | D:7      | Reached skill level 9 in Spellcasting
 11389 | D:7      | Noticed Harold
 11397 | D:7      | Killed Harold
 11629 | D:7      | Bought a smouldering helmet for 266 gold pieces
 11629 | D:7      | Identified the +0 helmet "Cerchui" {Str+6} (You bought it
                  | in a shop on level 7 of the Dungeon)
 11701 | D:8      | Reached skill level 5 in Fighting
 12022 | D:8      | Noticed a cyclops
 12026 | D:8      | Killed a cyclops
 12027 | D:8      | Reached skill level 10 in Spellcasting
 12042 | D:8      | Noticed a two-headed ogre
 12046 | D:8      | Killed a two-headed ogre
 12047 | D:8      | Reached XP level 11. HP: 23/76 MP: 0/0
 12047 | D:8      | Learned a level 4 spell: Iskenderun's Mystic Blast
 12047 | D:8      | Noticed a boulder beetle
 12054 | D:8      | Annihilated by a boulder beetle

Illustrated notes

Levels and vault maps discovered:
D:1:      tarquinn_simple_flora_water_a, layout_loops_ring
D:2:      minmay_angry_zag, layout_rooms, minmay_misc_feat_pillars
D:3:      layout_basic, hex_large
D:4:      lemuel_castle_with_subvaults [lemuel_castle_interior_carwin_2],
          layout_loops_ring, nzn_overflow_gifts_of_might_and_magic,
          mainiacjoe_overflow_small_starburst, minmay_temple_entry_mini_moons,
          minmay_surrounded, uniq_purgy
D:5:      layout_loops_cross
D:6:      layout_rooms
D:7:      layout_rooms, mainiacjoe_overflow_chevrons, uniq_harold, uniq_duvessa
D:8:      layout_basic, serial_shops, nicolae_take_the_stairs,
          minmay_shattered_shrine
Temple:   nicolae_temple_x_marks_the_god

Skill      XL: |  1  2  3  4  5  6  7  8  9 10 |
---------------+-------------------------------+-----
Spellcasting   | 3 4 5 7 8 10 | 10.3
Fighting       | 1 2 3 4 5 |  5.4
Stealth        | 2 3 |  3.9
Long Blades    | 1 |  1.8
Dodging        | 3 4 |  4.7
Axes           | 1 2 |  2.4
Evocations     | |  0.2

Action                   |  1- 3 |  4- 6 |  7- 9 | 10-12 || total
-------------------------+-------+-------+-------+-------++-------
Melee: Falchion          |       |    25 |     1 |       ||    26
       War axe           |       |       |    14 |       ||    14
 Cast: Foxfire           |    99 |   156 |   289 |       ||   544
       Sticky Flame      |       |    11 |    10 |       ||    21
       Fireball          |       |       |     5 |    48 ||    53
Invok: Call Merchant     |       |       |       |     1 ||     1
Evoke: Wand              |       |       |     2 |       ||     2
  Use: Scroll            |       |     6 |     1 |     1 ||     8
       Potion            |       |       |       |     2 ||     2
 Stab: Sleeping          |       |     2 |     1 |       ||     3
Armor: Robe              |     4 |    11 |    15 |       ||    30
Dodge: Dodged            |     9 |    39 |    52 |     2 ||   102
       Rpst.: Falchion   |       |    10 |       |       ||    10

Table legend: (Time is in decaauts)
 A = Elapsed time spent in this place.
 B = Non-inter-level travel time spent in this place.
 C = Inter-level travel time spent in this place.
 D = Time resting spent in this place.
 E = Time spent auto-exploring this place.
 F = Levels seen in this place.
 G = Mean time per level.
                   A        B        C        D        E       F      G
               +--------+--------+--------+--------+--------+-----+--------+
         Total |  12067 |  11817 |    250 |    895 |   9428 |   9 | 1340.8 |
       Dungeon |  12016 |  11776 |    240 |    895 |   9395 |   8 | 1502.0 |
        Temple |     51 |     41 |     10 |      0 |     33 |   1 |   51.0 |
               +--------+--------+--------+--------+--------+-----+--------+

Top non-repeatable levels by time:
     D:4: 2877 daAuts
     D:3: 2489 daAuts
     D:1: 2040 daAuts
     D:2: 1400 daAuts
     D:7: 1015 daAuts
     D:5: 975 daAuts
     D:6: 823 daAuts
     D:8: 392 daAuts
  Temple: 51 daAuts
